 Dungeon Crawl Stone Soup version 0.27-a0-1193-g8631133539 (webtiles) character file.

Game seed: 15620141835852328776

1883 Armakuni the Covered (level 8, -1/57 HPs)
             Began as a Demigod Conjurer on May 25, 2021.
             Slain by a hornet (10 damage)
             ... on level 7 of the Dungeon.
             The game lasted 00:16:21 (7335 turns).

Armakuni the Covered (Demigod Conjurer)             Turns: 7335, Time: 00:16:22

Health: -1/57      AC:  8    Str: 16    XL:     8   Next: 60%
Magic:  11/19      EV: 11    Int: 20    God:
Gold:   198        SH:  0    Dex: 12    Spells: 5/17 levels left

rFire    . . .     SeeInvis .   b - +0 dagger (drain)
rCold    . . .     Faith    .   (no shield)
rNeg     . . .     Spirit   .   k - +0 ring mail
rPois    +         Reflect  .   s - +0 hat
rElec    .         Harm     .   q - +0 cloak
rCorr    .         Rampage  .   (no gloves)
Will     .....                  (no boots)
Stlth    +.........             (no amulet)
HPRegen  0.19/turn              P - ring of poison resistance
MPRegen  0.16/turn              (no ring)

@: no status effects
A: high mp 1, forlorn
a: no special abilities


You were on level 7 of the Dungeon.
You visited 1 branch of the dungeon, and saw 7 of its levels.

You collected 354 gold pieces.
You spent 156 gold pieces at shops.

Inventory:

Hand Weapons
 a - a +0 quarterstaff
 b - a +0 dagger of draining (weapon)
Missiles
 p - 8 silver javelins
Armour
 k - a +0 ring mail (worn)
 l - a +2 scale mail of poison resistance
 q - a +0 cloak (worn)
 s - a +0 hat (worn)
Jewellery
 G - an amulet of guardian spirit
 P - a ring of poison resistance (left hand)
Wands
 f - a wand of flame (16) (quivered)
Scrolls
 d - a scroll of noise
 e - 5 scrolls of teleportation
 h - 5 scrolls of blinking
 n - a scroll of enchant armour
 t - a scroll of identify
Potions
 c - a potion of flight
 g - a potion of mutation
 i - 2 potions of heal wounds
 j - a potion of haste
 m - 3 potions of curing
 o - a potion of magic
 r - a potion of might {unknown}
 v - a potion of lignification
 w - a potion of brilliance {unknown}


   Skills:
 + Level 7.6 Armour
 - Level 1.7 Dodging
 - Level 1.7 Stealth
 - Level 5.0 Spellcasting
 - Level 6.3 Conjurations


You had 5 spell levels left.
You knew the following spells:

 Your Spells              Type           Power      Damage    Failure   Level
a - Apportation           Tloc           10%        N/A       21%         1
d - Magic Dart            Conj           100%       1d8       1%          1
m - Iskenderun's Mystic   Conj/Tloc      17%        2d5       47%         4
p - Fulminant Prism       Conj/Hex       8%         3d7       47%         4
z - Searing Ray           Conj           60%        3d5       2%          2

Your spell library contained the following spells:

 Spells                   Type           Power      Damage    Failure   Level
 Dazzling Flash           Conj/Hex       34%        N/A       16%         3
 Animate Skeleton         Necr           10%        N/A       21%         1
 Beastly Appendage        Tmut           10%        N/A       21%         1
 Corona                   Hex            5%         N/A       21%         1
 Sting                    Tmut/Pois      20%        1d4       21%         1
 Summon Small Mammal      Summ           20%        N/A       21%         1
 Yara's Violent Unravell  Hex/Tmut       2%         3d3       99%         5
 Statue Form              Tmut/Erth      3%         N/A       100%        6
 Dragon Form              Tmut           2%         N/A       100%        7


Dungeon Overview and Level Annotations

Branches:
Dungeon (7/15)             Temple (0/1) D:4

Shops:
D:2 !


Innate Abilities, Weirdness & Mutations

Your attributes grow dramatically as you level up.
You have an increased reservoir of magic. (+10% MP)
You shall have no god before yourself.


Message History

Found a hide-covered altar of Uskayaw.
Aiming: Throw Flame
Press: ? - help, Shift-Dir - straight line, f - hornet
Aim: a hornet (52% to hit)
The puff of flame hits the hornet.
The hornet is lightly wounded.
Casting: Searing Ray (safe; 2% risk of failure)
Confirm with . or Enter, or press ? or * to list all spells.
Aiming: Searing Ray (safe; 2% risk of failure)
Press: ? - help, Shift-Dir - straight line, f/p - hornet
Aim: a hornet (lightly wounded, 69% to hit)
The searing ray hits the hornet!
The hornet is moderately wounded. (Press . to maintain the ray.)
The searing ray misses the hornet.
The hornet stings you!
The searing ray hits the hornet.
The hornet is heavily wounded.
The hornet stings you. The hornet closely misses you.
The searing ray hits the hornet.
The hornet is heavily wounded.
You finish channeling your searing ray.
The hornet stings you!
You feel yourself slow down.
Casting: Searing Ray (safe; 2% risk of failure)
Confirm with . or Enter, or press ? or * to list all spells.
Aiming: Searing Ray (safe; 2% risk of failure)
Press: ? - help, Shift-Dir - straight line, f/p - hornet
Aim: a hornet (heavily wounded, 69% to hit)
The searing ray hits the hornet!
The hornet is severely wounded. (Press . to maintain the ray.)
The hornet stings you!
* * * LOW HITPOINT WARNING * * *
The hornet stings you!
* * * LOW HITPOINT WARNING * * *
The searing ray misses the hornet.
You feel yourself speed up. The hornet misses you.
The hornet stings you but does no damage.
The hornet stings you!
You die...

### ##.. #....
#_.⌠. #.....
#....###
#⌠...y.#### #@...#
#....# ##....####
#.....#:.####### #
#...>..........####
#.....##...........
#.....#####...#.##.
#.....# #.......#
#.....#######......


You could see a hornet.

Vanquished Creatures
  Grinder (D:5)
  Prince Ribbit (D:5)
  A steam dragon (D:7)
  2 water moccasins
  A black bear (D:6)
  An ice beast (D:7)
  A centaur (D:7)
  A phantom (D:5)
  A kobold brigand (D:7)
  2 bullfrogs
  2 scorpions
  A bullfrog zombie (D:5)
  3 centaur zombies
  2 bullfrog skeletons
  2 jellies
  2 iguanas
  Natasha (twice) (D:3)
  An orc wizard (D:4)
  3 gnolls (D:3)
  6 adders
  An ufetubus (D:7)
  A worm (D:2)
  2 dart slugs
  7 orcs
  8 bats
  7 endoplasms
  2 giant cockroaches
  3 hobgoblins
  4 jackals (D:1)
  6 quokkas
  7 ball pythons
  2 frilled lizards (D:1)
  5 goblins
  6 kobolds
  6 rats
103 creatures vanquished.

Notes
Turn   | Place    | Note
-------+----------+-------------------------------------------
     0 | D:1      | Armakuni the Demigod Conjurer began the quest for the Orb.
     0 | D:1      | Reached XP level 1. HP: 14/14 MP: 5/5
   313 | D:1      | Reached XP level 2. HP: 20/20 MP: 5/7
   774 | D:1      | Learned a level 2 spell: Searing Ray
   924 | D:1      | Reached XP level 3. HP: 26/26 MP: 7/9
  1216 | D:2      | Found Xac Nol's Distillery.
  1221 | D:2      | Bought a potion of degeneration for 13 gold pieces
  1226 | D:2      | Bought a potion of lignification for 39 gold pieces
  1998 | D:3      | Noticed Natasha
  2000 | D:3      | Killed Natasha
  2001 | D:3      | Reached XP level 4. HP: 33/33 MP: 6/11
  2122 | D:3      | Learned a level 4 spell: Iskenderun's Mystic Blast
  2851 | D:3      | Noticed Natasha
  2858 | D:3      | Killed Natasha
  3443 | D:2      | Bought a potion of curing for 39 gold pieces
  3524 | D:4      | Reached XP level 5. HP: 38/38 MP: 8/13
  3716 | D:4      | Reached skill level 5 in Conjurations
  4043 | D:4      | Found a staircase to the Ecumenical Temple.
  4477 | D:5      | Entered Level 5 of the Dungeon
  4497 | D:5      | Noticed Grinder
  4504 | D:5      | Killed Grinder
  4505 | D:5      | Reached XP level 6. HP: 45/45 MP: 6/16
  4652 | D:2      | Bought a potion of heal wounds for 65 gold pieces
  4750 | D:5      | Noticed a water moccasin
  4755 | D:5      | Killed a water moccasin
  4932 | D:5      | Reached skill level 5 in Spellcasting
  4932 | D:5      | Reached XP level 7. HP: 50/50 MP: 8/17
  4996 | D:5      | Learned a level 4 spell: Fulminant Prism
  5022 | D:5      | Learned a level 1 spell: Apportation
  5038 | D:5      | You fall into a shaft and drop 1 floor!
  5049 | D:6      | Reached skill level 1 in Armour
  5109 | D:6      | Reached skill level 2 in Armour
  5149 | D:6      | Identified the Collected Works on Transmigration and
                  | Contamination
  5256 | D:5      | Reached skill level 3 in Armour
  5306 | D:5      | Noticed Prince Ribbit
  5309 | D:5      | Killed Prince Ribbit
  5310 | D:5      | Reached skill level 4 in Armour
  5994 | D:5      | Reached skill level 5 in Armour
  5994 | D:5      | Reached XP level 8. HP: 51/57 MP: 14/19
  6461 | D:7      | Reached skill level 6 in Armour
  6975 | D:7      | Reached skill level 7 in Armour
  7328 | D:7      | Noticed a hornet
  7335 | D:7      | Slain by a hornet

Illustrated notes

Levels and vault maps discovered:
D:1:      matt_arrival_debris, layout_basic,
          hellmonk_ecumenical_altar_leap_of_faith
D:2:      layout_basic, serial_shops, shop, basic_altar,
          kennysheep_generic_room_16
D:3:      layout_basic, nicolae_overflow_crystal_walls, lemuel_round_altar,
          uniq_natasha
D:4:      layout_gridville, minmay_temple_entry_drinking_statues, minivault_14
D:5:      layout_gridville, lemuel_tele_altar, uniq_grinder, uniq_prince_ribbit1
D:6:      layout_rooms, nicolae_qazlal_style_of_elements, lemuel_round_altar
D:7:      layout_rooms, gammafunk_temple_overflow_pools

Skill      XL: |  1  2  3  4  5  6  7  8 |
---------------+-------------------------+-----
Spellcasting   | 2 3 4 5 |  5.0
Conjurations   | 4 5 6 |  6.3
Armour         | 5 7 |  7.6
Dodging        | |  1.7
Stealth        | |  1.7

Action                   |  1- 3 |  4- 6 |  7- 9 || total
-------------------------+-------+-------+-------++-------
Melee: Dagger            |     1 |     1 |     3 ||     5
 Cast: Magic Dart        |    61 |    18 |       ||    79
       Searing Ray       |     8 |    27 |    32 ||    67
Evoke: Wand              |       |     3 |     2 ||     5
  Use: Scroll            |     3 |     4 |     4 ||    11
       Potion            |       |     2 |       ||     2
Armor: Robe              |     6 |     2 |       ||     8
       Ring mail         |       |       |    21 ||    21
Dodge: Dodged            |     7 |     6 |    50 ||    63

Table legend: (Time is in decaauts)
 A = Elapsed time spent in this place.
 B = Non-inter-level travel time spent in this place.
 C = Inter-level travel time spent in this place.
 D = Time resting spent in this place.
 E = Time spent auto-exploring this place.
 F = Levels seen in this place.
 G = Mean time per level.
                   A        B        C        D        E       F      G
               +--------+--------+--------+--------+--------+-----+--------+
         Total |   7343 |   7005 |    338 |   1514 |   4462 |   7 | 1049.0 |
       Dungeon |   7343 |   7005 |    338 |   1514 |   4462 |   7 | 1049.0 |
               +--------+--------+--------+--------+--------+-----+--------+

Top non-repeatable levels by time:
     D:3: 1534 daAuts
     D:5: 1362 daAuts
     D:1: 1162 daAuts
     D:4: 1008 daAuts
     D:2: 896 daAuts
     D:7: 885 daAuts
     D:6: 494 daAuts
